 Dungeon Crawl Stone Soup version 0.26-a0-752-gcff87cac9a (webtiles) character file.

Game seed: 7941050612446021205

221 LufLufFighter the Skirmisher (level 5, -11/49 HPs)
             Began as a Palentonga Fighter on Nov 6, 2020.
             Mangled by an ogre
             ... wielding a cursed -1 giant spiked club
              (21 damage)
             ... on level 4 of the Dungeon.
             The game lasted 00:10:02 (3940 turns).

LufLufFighter the Skirmisher (Palentonga Fighter)   Turns: 3940, Time: 00:10:03

Health: -11/49     AC: 10    Str: 21    XL:     5   Next: 65%
Magic:  5/5        EV:  8    Int:  8    God:
Gold:   189        SH:  0    Dex:  9    Spells: 4/4 levels left

rFire    x . .     SeeInvis +   w - +8 battleaxe "Orhure Wifo" {vamp, *Rage +Fly MR+}
rCold    + . .     Faith    .   (shield currently unavailable)
rNeg     . . .     Spirit   .   a - +0 scale mail
rPois    .         Reflect  .   (no helmet)
rElec    .         Harm     .   (no cloak)
rCorr    .         Rampage  .   e - +2 pair of gloves
MR       ++...     Rnd*Rage +   (no barding)
Stlth    ..........             (no amulet)
HPRegen  0.16/turn              t - ring of protection from magic
MPRegen  0.09/turn              j - ring of ice

@: no status effects
A: large, rugged brown scales 3, see invisible, deformed body, roll, armoured
tail
a: Rolling Charge, Evoke Flight


You were on level 4 of the Dungeon.
You visited 1 branch of the dungeon, and saw 4 of its levels.

You collected 189 gold pieces.

Inventory:

Hand Weapons
 w - the +8 battleaxe "Orhure Wifo" (weapon) {vamp, *Rage +Fly MR+}
   (You found it on level 4 of the Dungeon)

   It inflicts no extra harm, but heals its wielder when it wounds a living foe.
   It affects your resistance to hostile enchantments.
   It lets you fly.
   It may make you go berserk in combat.
Missiles
 d - 12 poisoned darts (quivered)
 f - 154 stones
Armour
 a - a +0 scale mail (worn)
 e - a +2 pair of gloves (worn)
Jewellery
 j - a ring of ice (right hand)
 t - a ring of protection from magic (left hand)
Scrolls
 c - 2 scrolls of magic mapping {unknown}
 g - 3 scrolls of identify {unknown}
 k - 2 scrolls of remove curse {unknown}
 m - a scroll of fear {unknown}
 n - a scroll of teleportation {unknown}
 q - 2 scrolls of enchant armour {unknown}
 v - a scroll of immolation {unknown}
Potions
 h - a potion of berserk rage {unknown}
 i - a potion of degeneration {unknown}
 l - 2 potions of heal wounds {unknown}
 o - a potion of lignification {unknown}
 p - a potion of magic {unknown}
 r - 2 potions of curing {unknown}
 s - a potion of ambrosia {unknown}
 u - a potion of brilliance {unknown}


   Skills:
 + Level 3.7 Fighting
 + Level 0.2 Axes
 - Level 3.5 Armour
 - Level 1.4 Dodging
 - Level 0.8 Stealth
   Level 3.4 Shields
 - Level 2.0 Unarmed Combat


You had 4 spell levels left.
You didn't know any spells.
Your spell library was empty.

Dungeon Overview and Level Annotations

Branches:
Dungeon (4/15)
 Temple: D:4-7

Altars:
Kikubaaqudgha
Okawaru


Innate Abilities, Weirdness & Mutations

You are completely covered in rugged brown scales. (AC +3, +7% HP)
You have supernaturally acute eyesight. (SInv)
Armour fits poorly on your strangely shaped body.
You can roll at foes to attack.
You have a long armoured tail.


Message History

You open the door.
An ogre comes into view. It is wielding a -1 giant spiked club.
The ogre shouts!
Found a stone staircase leading up.
There is an open door here.
You slice the ogre!!
The ogre is severely wounded.
The ogre hits you with a cursed -1 giant spiked club!
You completely miss the ogre.
Your tail-slap misses the ogre.
The ogre is severely wounded.
The ogre barely misses you.
The ogre hits you with a cursed -1 giant spiked club!!
You are too injured to fight recklessly!
You are too injured to fight recklessly!
You are too injured to fight recklessly!
There is an open door here.
The ogre hits you with a cursed -1 giant spiked club!
* * * LOW HITPOINT WARNING * * *
The ogre hits you with a cursed -1 giant spiked club!!
You die...

#...# .# #.#.#####.#
#...>.....# #####...#.##
##+#####+#.#..##
#..............#
#........P.♣♣(PP.#
.♣#♣###........PP♣♣♣♣♣.#
..........O@....PPPP♣♣
................#.PPP♣
.♣.............'....♣
................#...P♣
♣.♣##...........#...P...#
#.#.........#<##...P#
#.#.........### PP##
#.#.........# ## .
###########


You could see an ogre.

Vanquished Creatures
  A hound (D:2)
  Natasha (D:1)
  An orc wizard (D:1)
  3 adders (D:3)
  An ooze (D:1)
  An adder zombie (D:3)
  2 worms
  A dart slug (D:1)
  2 leopard geckos
  13 orcs
  3 ball pythons
  13 bats
  3 bat skeletons (D:3)
  2 bat zombies (D:3)
  2 giant cockroaches (D:2)
  2 goblins (D:1)
  6 hobgoblins
  7 jackals (D:2)
  8 kobolds
  4 frilled lizards
  7 rats
83 creatures vanquished.

Vanquished Creatures (others)
  11 plants
11 creatures vanquished.

Grand Total: 94 creatures vanquished

Notes
Turn   | Place    | Note
-------+----------+-------------------------------------------
     0 | D:1      | LufLufFighter the Palentonga Fighter began the quest for
                  | the Orb.
     0 | D:1      | Reached XP level 1. HP: 20/20 MP: 1/1
   149 | D:1      | Reached XP level 2. HP: 24/27 MP: 2/2
   647 | D:2      | Reached XP level 3. HP: 15/33 MP: 3/3
  1162 | D:2      | Noticed Natasha
  1219 | D:1      | Reached XP level 4. HP: 12/40 MP: 4/4
  1872 | D:1      | Killed Natasha
  1872 | D:1      | Reached skill level 1 in Dodging
  2234 | D:2      | Reached XP level 5. HP: 48/48 MP: 5/5
  3177 | D:3      | Found an ancient bone altar of Kikubaaqudgha.
  3351 | D:3      | Found an iron altar of Okawaru.
  3462 | D:3      | Found a faded altar of an unknown god.
  3757 | D:4      | Got a pitted battleaxe
  3765 | D:4      | Identified the +8 battleaxe "Orhure Wifo" {vamp, *Rage +Fly
                  | MR+} (You found it on level 4 of the Dungeon)
  3923 | D:4      | Noticed an ogre
  3940 | D:4      | Mangled by an ogre

Illustrated notes

Levels and vault maps discovered:
D:1:      nzn_arrival_water_spiral, layout_rooms, serial_bayou,
          serial_bayou_pond_a, serial_bayou_crossing, serial_bayou_lagoon_a,
          serial_bayou_pond_e, serial_bayou_pond_e, serial_bayou_pond_c
D:2:      layout_loops_ring, uniq_natasha
D:3:      layout_loops_ring, lemuel_doored_altar, kennysheep_vampire_church,
          chequers_ecumenical_altar_twisty, kennysheep_generic_room_16
D:4:      layout_basic, serial_forest, infiniplex_forest_clump_curved,
          infiniplex_forest_clump_small, infiniplex_forest_lined_room_2,
          infiniplex_forest_lined_room_2, infiniplex_forest_clump_diagonal,
          infiniplex_forest_lined_corner, infiniplex_forest_clump_double,
          uniq_ijyb, uniq_pikel, uniq_purgy

Skill      XL: |  1  2  3  4 |
---------------+-------------+-----
Armour         | 3 |  3.5
Shields        | 3 |  3.4
Dodging        | 1 |  1.4
Fighting       | |  3.7
Axes           | |  0.2
Stealth        | |  0.8
Unarmed Combat | |  2.0

Action                   |  1- 3 |  4- 6 || total
-------------------------+-------+-------++-------
Melee: Unarmed           |   114 |   241 ||   355
       Tailslap          |    17 |    32 ||    49
       Battleaxe         |       |     7 ||     7
 Abil: Rolling Charge    |     1 |     5 ||     6
  Use: Potion            |     1 |       ||     1
Armor: Scale mail        |    78 |   150 ||   228
Dodge: Dodged            |    34 |    92 ||   126
Block: Kite shield       |    53 |   138 ||   191

Table legend: (Time is in decaauts)
 A = Elapsed time spent in this place.
 B = Non-inter-level travel time spent in this place.
 C = Inter-level travel time spent in this place.
 D = Time resting spent in this place.
 E = Time spent auto-exploring this place.
 F = Levels seen in this place.
 G = Mean time per level.
                   A        B        C        D        E       F      G
               +--------+--------+--------+--------+--------+-----+--------+
         Total |   3999 |   3879 |    120 |   1066 |   2041 |   4 |  999.8 |
       Dungeon |   3999 |   3879 |    120 |   1066 |   2041 |   4 |  999.8 |
               +--------+--------+--------+--------+--------+-----+--------+

Top non-repeatable levels by time:
     D:1: 1796 daAuts
     D:3: 1174 daAuts
     D:2: 806 daAuts
     D:4: 222 daAuts
